 Dungeon Crawl Stone Soup version 0.31-a0-1074-g0b22e4e0f1 (webtiles) character file.

Game seed: 15177048806704719788

1947 graki42 the Covert (level 9, -1/62 HPs)
             Began as an Octopode Brigand on Nov 26, 2023.
             Slain by an ice beast (3 damage)
             ... on level 7 of the Dungeon.
             The game lasted 00:16:10 (5823 turns).

graki42 the Covert (Octopode Brigand)               Turns: 5823, Time: 00:16:10

Health: -1/62      AC:  1    Str: 16    XL:     9   Next: 18%
Magic:  18/18      EV: 15    Int: 17    God:
Gold:   229        SH:  0    Dex: 14    Spells: 8/8 levels left

rFire   . . .        a - +2 dagger
rCold   . . .        (no shield)
rNeg    . . .        (helmet restricted)
rPois   .            p - amulet of magic regeneration
rElec   .            d - +6 ring of strength
rCorr   .            k - ring of flight
SInv    +            v - ring of magical power
Will    .....        A - ring of see invisible
Stlth   +++++        (no ring)
HPRegen 0.30/turn    (no ring)
MPRegen 0.56/turn    (no ring)
                     (no ring)

%: no passive effects
@: flying
A: almost no armour, amphibious, 8 rings, camouflage 1, gelatinous body 1,
(nimble swimmer 1), tentacles
a: no special abilities


You were on level 7 of the Dungeon.
You visited 1 branch of the dungeon, and saw 7 of its levels.

You collected 229 gold pieces.

Inventory:

Hand Weapons
 a - a +2 dagger (weapon)
Missiles
 b - 19 poisoned darts (quivered)
 c - 3 curare-tipped darts
Jewellery
 d - a +6 ring of strength (left tentacle)
 k - a ring of flight (right tentacle)
 o - an amulet of faith
 p - an amulet of magic regeneration (around mantle)
 v - a ring of magical power (on tentacle)
 A - a ring of see invisible (on tentacle)
Wands
 m - a wand of quicksilver (7)
 w - a wand of digging (2)
 y - a wand of roots (9)
Scrolls
 e - a scroll of fog {unknown}
 f - 9 scrolls of identify {unknown}
 g - 2 scrolls of enchant armour {unknown}
 i - a scroll of enchant weapon {unknown}
 j - a scroll of summoning {unknown}
 l - a scroll of torment {unknown}
 q - a scroll of amnesia {unknown}
 x - a scroll of poison {unknown}
Potions
 h - 2 potions of curing {unknown}
 n - 3 potions of lignification
 r - a potion of enlightenment {unknown}
 s - a potion of haste {unknown}
 t - 2 potions of might {unknown}
 u - a potion of heal wounds {unknown}
 z - a potion of cancellation {unknown}


   Skills:
 + Level 5.8 Fighting
 + Level 5.9 Short Blades
 - Level 4.0 Throwing
 + Level 5.5 Dodging
 + Level 9.5 Stealth
 + Level 0.2 Spellcasting


You had 8 spell levels left.
You didn't know any spells.
Your spell library contained the following spells:

 Spells                   Type           Power      Damage    Failure   Level
 Magic Dart               Conj           0%         1d3       24%         1
 Blink                    Tloc           0%         N/A       34%         2
 Call Imp                 Summ           0%         N/A       34%         2
 Lesser Beckoning         Tloc           0%         N/A       34%         2
 Momentum Strike          Conj/Tloc      0%         3d8       34%         2
 Searing Ray              Conj           0%         2d4       34%         2
 Call Canine Familiar     Summ           0%         N/A       56%         3
 Inner Flame              Hex/Fire       0%         N/A       56%         3
 Mephitic Cloud           Conj/Pois/Air  0%         N/A       56%         3
 Sigil of Binding         Hex            0%         N/A       56%         3
 Tukima's Dance           Hex            0%         N/A       56%         3
 Dimensional Bullseye     Hex/Tloc       0%         N/A       93%         4
 Fulminant Prism          Conj/Hex       0%         3d5       93%         4
 Iskenderun's Mystic Bla  Conj/Tloc      0%         2d3       93%         4
 Leda's Liquefaction      Hex/Erth       0%         N/A       93%         4
 Yara's Violent Unravell  Hex/Tmut       0%         3d3       100%        5
 Enfeeble                 Hex            0%         N/A       100%        7


Dungeon Overview and Level Annotations

Branches:
Dungeon (7/15)
 Temple: D:4-7

Altars:
Elyvilon
Fedhas
Okawaru
Ru


Innate Abilities, Weirdness & Mutations

You cannot wear most types of armour.
You are amphibious.
You can wear up to eight rings at the same time.
Your skin changes colour to match your surroundings (Stealth+).
Your rubbery body absorbs attacks. (AC +1, EV +1)
((You are camouflaged when in or above water. (Stealth+)))
You have tentacles for arms and can constrict up to eight enemies at once.


Message History

You throw a poisoned dart.
The poisoned dart closely misses the ice beast.
Unknown command.
You closely miss the ice beast.
The ice beast is lightly wounded.
The ice beast hits you. The ice beast freezes you!
You hit the ice beast but do no damage.
The ice beast is lightly wounded.
You hit the ice beast but do no damage.
You squeeze the ice beast, but do no damage.
The ice beast is lightly wounded.
The ice beast barely misses you.
You closely miss the ice beast. Your squeeze misses the ice beast.
The ice beast is lightly wounded.
The ice beast hits you. The ice beast freezes you!
You completely miss the ice beast.
The ice beast is lightly wounded.
The ice beast barely misses you.
You closely miss the ice beast. You tentacle-slap the ice beast.
You squeeze the ice beast!
The ice beast is heavily wounded.
You closely miss the ice beast.
The ice beast is heavily wounded.
The ice beast hits you. The ice beast freezes you!
You hit the ice beast. You squeeze the ice beast.
The ice beast is severely wounded.
The ice beast misses you.
You hit the ice beast but do no damage.
The ice beast is severely wounded.
You hit the ice beast but do no damage.
The ice beast is severely wounded.
The ice beast looks more healthy.
The ice beast hits you.
* * * LOW HITPOINT WARNING * * *
The ice beast freezes you!
* * * LOW HITPOINT WARNING * * *
Unknown command.
You hit the ice beast but do no damage.
The ice beast is almost dead.
The ice beast hits you.
You die...

.....######+#### #.#.#.#.##).
...#.##......# ### #.#.#......#
.#.#..#......# #.#####.#.#[#.#..#
...##........# #.##......#.#.#...
.#.###......## #.###...#.........
............####.###.#.....#.#..#
...###.##.#...##.#...#.#.#.#.....
....##.........†.......#.#.##....
.....#.##.#.....@....#.#.#.##....
.#...#.##.######Y#.#.#.###.##.#.#
.....#.#..######(# #...#......#.#
...............((# ##......#....#
..........#.####.#............###
.#...#.##.#.# .(..###.#.###.##
..........#.# .## #.#.# #.#
#....#.#..#.# . ....# #+#
#...........# .. ......


You could see an ice beast.

Vanquished Creatures
  Maurice (D:7)
  An orc warrior (D:7)
  A black bear (D:7)
  3 ogres (D:6)
  2 phantoms
  4 scorpions
  A bullfrog (D:5)
  4 wights (D:6)
  2 howler monkeys (D:7)
  2 hounds
  Crazy Yiuf (D:3)
  2 iguanas
  2 orc wizards
  8 adders
  2 ufetubi (D:5)
  5 dart slugs
  20 orcs
  4 ball pythons
  6 endoplasms
  2 giant cockroaches
  14 goblins
  11 hobgoblins
  9 jackals
  6 kobolds
  6 quokkas
  4 bats
  4 frilled lizards (D:1)
  A rat (D:1)
128 creatures vanquished.

Notes
Turn   | Place    | Note
-------+----------+-------------------------------------------
     0 | D:1      | graki42 the Octopode Brigand began the quest for the Orb.
     0 | D:1      | Reached XP level 1. HP: 14/14 MP: 1/1
   224 | D:1      | Reached XP level 2. HP: 19/19 MP: 2/2
   448 | D:1      | Reached XP level 3. HP: 21/24 MP: 3/3
  1141 | D:2      | Reached XP level 4. HP: 23/30 MP: 4/4
  1246 | D:2      | Reached skill level 6 in Stealth
  1376 | D:2      | Found a faded altar of an unknown god.
  2005 | D:3      | Reached XP level 5. HP: 24/36 MP: 5/5
  2253 | D:3      | Found a runed translucent door.
  2254 | D:3      | Noticed Crazy Yiuf
  2265 | D:3      | Killed Crazy Yiuf
  2765 | D:4      | Reached XP level 6. HP: 42/42 MP: 6/6
  3270 | D:4      | Reached skill level 7 in Stealth
  3270 | D:4      | Reached XP level 7. HP: 47/47 MP: 7/7
  3566 | D:4      | Found an iron altar of Okawaru.
  3629 | D:5      | Entered Level 5 of the Dungeon
  3789 | D:5      | Found a white marble altar of Elyvilon.
  4319 | D:5      | Found a blossoming altar of Fedhas.
  4585 | D:6      | Reached XP level 8. HP: 54/54 MP: 8/8
  4866 | D:6      | Reached skill level 8 in Stealth
  5301 | D:6      | Reached skill level 5 in Short Blades
  5329 | D:6      | Reached skill level 5 in Fighting
  5532 | D:7      | Found a sacrificial altar of Ru.
  5597 | D:7      | Noticed Maurice
  5603 | D:7      | Killed Maurice
  5604 | D:7      | Reached skill level 5 in Dodging
  5604 | D:7      | Reached skill level 9 in Stealth
  5604 | D:7      | Reached XP level 9. HP: 61/61 MP: 9/9
  5822 | D:7      | HP: 2/62 [ice beast (14)]
  5823 | D:7      | Slain by an ice beast

Illustrated notes

Levels and vault maps discovered:
D:1:      dpeg_arrival_rooms_a, layout_loops_corners
D:2:      layout_basic, shapermc_ecumenical_altar_mp_highgroup
D:3:      layout_loops_ring, hex_medium, minivault_26, minmay_goblin_outpost,
          uniq_crazy_yiuf_cottage
D:4:      layout_rooms, kennysheep_okawaru_gauntlet
D:5:      lemuel_ice_spiral_2, layout_basic, elyvilon_altar_4,
          fedhas_ov_isle_minmay
D:6:      layout_loops_ring
D:7:      statuecave_lemuel, layout_basic, nicolae_overflow_crystal_walls,
          minmay_temple_entry_glassed_door, uniq_maurice

Skill      XL: |  1  2  3  4  5  6  7  8 |
---------------+-------------------------+-----
Dodging        | 2 3 4 5 |  5.5
Stealth        | 6 7 9 |  9.5
Fighting       | 3 4 5 |  5.8
Short Blades   | 3 4 5 |  5.9
Throwing       | 3 4 |  4.0
Spellcasting   | |  0.2

Action                     |  1- 3 |  4- 6 |  7- 9 || total
---------------------------+-------+-------+-------++-------
  Melee: Dagger            |    62 |    96 |   129 ||   287
         Constrict         |    17 |    22 |    22 ||    61
         Tentacles         |    15 |    16 |    33 ||    64
         Punch             |       |     1 |     3 ||     4
  Throw: Dart              |     7 |     5 |    23 ||    35
    Use: Potion            |       |     2 |       ||     2
   Stab: Sleeping          |     9 |    15 |    11 ||    35
         Distracted        |       |       |     1 ||     1
 Armour: Skin              |    18 |    39 |    54 ||   111
  Dodge: Dodged            |    23 |    40 |    64 ||   127

Table legend: (Time is in decaauts)
 A = Elapsed time spent in this place.
 B = Non-inter-level travel time spent in this place.
 C = Inter-level travel time spent in this place.
 D = Time resting spent in this place.
 E = Time spent auto-exploring this place.
 F = Levels seen in this place.
 G = Mean time per level.
                   A        B        C        D        E       F      G
               +--------+--------+--------+--------+--------+-----+--------+
         Total |   5772 |   5663 |    109 |    892 |   3808 |   7 |  824.6 |
       Dungeon |   5772 |   5663 |    109 |    892 |   3808 |   7 |  824.6 |
               +--------+--------+--------+--------+--------+-----+--------+

Top non-repeatable levels by time:
     D:2: 1133 daAuts
     D:6: 958 daAuts
     D:5: 917 daAuts
     D:4: 855 daAuts
     D:3: 836 daAuts
     D:1: 783 daAuts
     D:7: 289 daAuts
